 Dungeon Crawl Stone Soup version 0.29-a0-322-g68df515428 (webtiles) character file.

Game seed: 12445074520557268503

103 pascalblue the Gusty (level 4, -4/24 HPs)
             Began as a Deep Elf Air Elementalist on Apr 4, 2022.
             Killed from afar by an electric eel (14 damage)
             ... with a bolt of electricity
             ... on level 4 of the Dungeon on Apr 5, 2022.
             The game lasted 00:12:26 (3354 turns).

pascalblue the Gusty (Deep Elf Air Elementalist)    Turns: 3354, Time: 00:12:26

Health: -4/24      AC:  3    Str:  5    XL:     4   Next: 51%
Magic:  11/11      EV: 12    Int: 22    God:
Gold:   116        SH:  0    Dex: 15    Spells: 4/10 levels left

rFire   . . .      SeeInvis .   p - +1 short sword (venom)
rCold   . . .      Faith    .   k - orb {mayhem}
rNeg    . . .      Spirit   .   a - +0 robe
rPois   .          Reflect  .   (no helmet)
rElec   .          Harm     .   o - +0 cloak
rCorr   .          Rampage  .   (no gloves)
Will    .....                   (no boots)
Stlth   ++........              (no amulet)
HPRegen 0.08/turn               (no ring)
MPRegen 0.12/turn               (no ring)

@: no status effects
A: no striking features
a: no special abilities


You were on level 4 of the Dungeon.
You visited 1 branch of the dungeon, and saw 4 of its levels.

You collected 116 gold pieces.

Inventory:

Hand Weapons
 c - a +0 club
 g - a +0 dagger
 j - a +1 dagger of speed
 p - a +1 short sword of venom (weapon)
Missiles
 f - 3 javelins
 h - 76 stones
 n - 11 poisoned darts
Armour
 a - a +0 robe (worn)
 k - an orb of mayhem (worn)
 o - a +0 cloak (worn)
Wands
 q - a wand of flame (19)
Scrolls
 d - 3 scrolls of identify
 e - a scroll of holy word
 i - a scroll of teleportation
Potions
 b - a potion of magic
 l - a potion of heal wounds
 m - a potion of attraction


   Skills:
 - Level 2.4 Dodging
 - Level 2.4 Stealth
 + Level 3.8 Spellcasting
 * Level 2.6 Conjurations
 * Level 4.4 Air Magic


You had 4 spell levels left.
You knew the following spells:

 Your Spells              Type           Power      Damage    Failure   Level
a - Shock                 Conj/Air       76%        1d7       2%          1
b - Static Discharge      Conj/Air       19%        N/A       4%          2
c - Swiftness             Air            23%        N/A       5%          3

Your spell library contained the following spells:

 Spells                   Type           Power      Damage    Failure   Level
 Summon Small Mammal      Summ           16%        N/A       12%         1
 Scorch                   Fire           8%         2d5       17%         2
 Airstrike                Air            11%        N/A       19%         4
 Call Canine Familiar     Summ           4%         N/A       34%         3
 Ozocubu's Armour         Ice            4%         N/A       34%         3
 Summon Guardian Golem    Hex/Summ       4%         N/A       34%         3
 Tukima's Dance           Hex            4%         N/A       34%         3
 Flame Wave               Conj/Fire      9%         2d5       54%         4
 Anguish                  Hex/Necr       2%         N/A       75%         4
 Metabolic Englaciation   Hex/Ice        2%         N/A       97%         5
 Simulacrum               Ice/Necr       2%         N/A       100%        6
 Summon Cactus Giant      Summ           2%         N/A       100%        6
 Enfeeble                 Hex            2%         N/A       100%        7


Dungeon Overview and Level Annotations

Branches:
Dungeon (4/15)
 Temple: D:4-7

Altars:
Fedhas
Qazlal

Shops:
D:2 =*(*

Annotations:
D:4 1 transporter


Message History

Found a transporter.
Found a wand of flame (20).
Found a transporter.
Found 5 gold pieces.
Found 10 gold pieces.
There is a transporter here.
Found a scroll of identify.
You now have 106 gold pieces (gained 5).
Found an escape hatch in the ceiling.
You now have 116 gold pieces (gained 10).
d - 4 scrolls of identify (gained 1)
As you read the scroll of identify, it crumbles to dust.
l - a potion of heal wounds
Okay, then.
You can't see any enemies this would affect, really read the scroll of holy word?
Okay, then.
Okay, then.
There is a transporter here.
You enter the transporter and appear at another place.
q - a wand of flame (20)
You open the door.
The electric eel shoots out a bolt of lightning at you!
The bolt of electricity hits you!
Ouch! That really hurt!
The bolt of electricity hits the plant.
The plant begins to die.
The bolt of electricity hits the plant!
Casting: Shock (safe; 2% risk of failure)
Confirm with . or Enter, or press ? or * to list all spells.
You can't see any susceptible monsters within range! (Use Z to cast anyway.) Unknown command.
Aiming: Throw Flame
Press: ? - help, Shift-Dir - straight line, f - electric eel
Aim: an electric eel (48% to hit)
The puff of flame hits the electric eel.
The electric eel is lightly wounded.
The electric eel is engulfed in a cloud of scalding steam.
The electric eel shoots out a bolt of lightning at you!
The bolt of electricity hits you!
Ouch! That really hurt!
You die...

#.#≈...≈#..##..........
#.#≈...≈#..##........##
###.#≈...≈#...+........#
+...#≈.♣.≈#.###........#
#...#≈...≈#.# #........#
#...#≈...S#.#
.#####...#S...S#.#
.........###'###.#
#######..#P..@P#.#
########..#8.©.8#.#
..........#######.#
.............©....#
.....................#
.........##.....######
.........########
................
..........######


You could see 3 electric eels.

Vanquished Creatures
  An orc wizard (D:3)
  2 adders
  A worm (D:2)
  4 dart slugs
  2 orcs (D:3)
  6 bats
  2 endoplasms (D:3)
  A giant cockroach (D:3)
  5 goblins
  8 hobgoblins
  2 kobolds (D:3)
  A quokka (D:3)
  5 ball pythons
  4 frilled lizards
  4 rats
48 creatures vanquished.

Vanquished Creatures (others)
  3 fungi (D:3)
  4 plants (D:3)
7 creatures vanquished.

Grand Total: 55 creatures vanquished

Notes
Turn   | Place    | Note
-------+----------+-------------------------------------------
     0 | D:1      | pascalblue the Deep Elf Air Elementalist began the quest
                  | for the Orb.
     0 | D:1      | Reached XP level 1. HP: 10/10 MP: 6/6
   359 | D:1      | Reached XP level 2. HP: 15/15 MP: 1/8
  1161 | D:2      | Found Nisethrue's General Store.
  1222 | D:2      | Noticed a floating eye
  1224 | D:2      | Found a faded altar of an unknown god.
  1230 | D:2      | Learned a level 2 spell: Static Discharge
  1234 | D:2      | Noticed a great orb of eyes
  1276 | D:2      | Noticed a shining eye
  1279 | D:2      | Noticed a floating eye
  1290 | D:2      | Found Firujeptomu's Jewellery Shoppe.
  1527 | D:2      | Reached skill level 4 in Air Magic
  1606 | D:2      | Found Umuan's General Store.
  1662 | D:2      | Found Cysoeh's Antique Weapon Boutique.
  1745 | D:2      | Reached XP level 3. HP: 19/19 MP: 1/9
  1840 | D:2      | Learned a level 3 spell: Swiftness
  2100 | D:3      | Found a blossoming altar of Fedhas.
  2201 | D:3      | Upgraded the game from 0.29-a0-321-gf1c400731a to
                  | 0.29-a0-322-g68df515428
  2209 | D:3      | Found a stormy altar of Qazlal.
  2733 | D:3      | Reached XP level 4. HP: 13/24 MP: 6/11
  3291 | D:4      | Found a transporter.
  3301 | D:4      | Found a transporter.
  3354 | D:4      | Killed from afar by an electric eel

Illustrated notes

Levels and vault maps discovered:
D:1:      dpeg_arrival_central, layout_basic
D:2:      layout_basic, serial_shops, shop, nicolae_shop_crystal,
          nicolae_shop_waterfront, shop, hellmonk_ecumenical_altar_watching_god
D:3:      layout_loops_ring, grunt_temple_overflow_forces_of_nature,
          portal_sewer_entry_b
D:4:      gammafunk_steamed_eel, layout_basic, kiku_gazebo_pond_becter

Skill      XL: |  1  2  3 |
---------------+----------+-----
Air Magic      | 4 |  4.4
Conjurations   | 2 |  2.6
Dodging        | |  2.4
Stealth        | |  2.4
Spellcasting   | |  3.8

Action                   |  1- 3 |  4- 6 || total
-------------------------+-------+-------++-------
Melee: Unarmed           |     4 |       ||     4
       Dagger            |    18 |       ||    18
 Cast: Shock             |    86 |    12 ||    98
Evoke: Wand              |       |     1 ||     1
  Use: Scroll            |     6 |     1 ||     7
 Stab: Sleeping          |     1 |       ||     1
Armor: Robe              |     9 |     2 ||    11
Dodge: Dodged            |    31 |     2 ||    33

Table legend: (Time is in decaauts)
 A = Elapsed time spent in this place.
 B = Non-inter-level travel time spent in this place.
 C = Inter-level travel time spent in this place.
 D = Time resting spent in this place.
 E = Time spent auto-exploring this place.
 F = Levels seen in this place.
 G = Mean time per level.
                   A        B        C        D        E       F      G
               +--------+--------+--------+--------+--------+-----+--------+
         Total |   3348 |   3304 |     44 |    196 |   2105 |   4 |  837.0 |
       Dungeon |   3348 |   3304 |     44 |    196 |   2105 |   4 |  837.0 |
               +--------+--------+--------+--------+--------+-----+--------+

Top non-repeatable levels by time:
     D:1: 1155 daAuts
     D:3: 1146 daAuts
     D:2: 933 daAuts
     D:4: 113 daAuts
